 Dungeon Crawl Stone Soup version 0.19.0-11-g3fc08b3 (webtiles) character file.

14 Banto the Vexing (level 2, 0/11 HPs)
             Began as a Felid Enchanter on Nov 10, 2016.
             Slain by a bat (1 damage)
             ... on level 1 of the Dungeon.
             The game lasted 00:01:13 (854 turns).

Banto the Vexing (Felid Enchanter)                   Turns: 854, Time: 00:01:14

Health: 0/11       AC:  1    Str:  4    XL:     2   Next: 27%
Magic:  1/6        EV: 18    Int: 16    God:
Gold:   33         SH:  0    Dex: 16    Spells: 2 memorised, 2 levels left
                                        Lives:  0   Deaths: 0

rFire  . . .     SeeInvis +       - Unarmed
rCold  . . .     Gourm    .     (armour unavailable)
rNeg   . . .     Faith    .     (shield unavailable)
rPois  .         Spirit   .     (helmet unavailable)
rElec  .         Reflect  .     (cloak unavailable)
rCorr  .         Harm     .     (gloves unavailable)
MR     .....                    (boots unavailable)
Stlth  +++.......               (no amulet)
                                (no ring)
                                (no ring)

@: quick
A: no armour, no weapons or thrown items, stealth, claws 1, fangs 3, see
invisible, carnivore 3, speed 1, shaggy fur 1, slow metabolism 1, sharp paws
a: no special abilities


You were on level 1 of the Dungeon.
You were not hungry.

You visited 1 branch of the dungeon, and saw 1 of its levels.

You collected 33 gold pieces.

Inventory:

Potions
 c - a potion of heal wounds {unknown}
 d - a potion of cancellation {unknown}
 e - a potion of haste {unknown}
Books
 a - a book of Maledictions

   Spells                             Type                      Level
   a - Corona                         Hexes                        1
   b - Ensorcelled Hibernation        Hexes/Ice                    2
   c - Confuse                        Hexes                        3
   d - Tukima's Dance                 Hexes                        3
   e - Dazzling Spray                 Conjuration/Hexes            3
Comestibles
 b - a meat ration


   Skills:
 + Level 3.1 Dodging
 + Level 4.2 Stealth
 * Level 1.3 Unarmed Combat
 - Level 2.0 Spellcasting
 + Level 4.7 Hexes


You had 2 spell levels left.
You knew the following spells:

 Your Spells              Type           Power        Failure   Level  Hunger
a - Corona                Hex            ###....      3%          1    #......
b - Ensorcelled Hibernat  Hex/Ice        #.....       14%         2    ###....


Dungeon Overview and Level Annotations

Branches:
Dungeon (1/15)

Altars:


Innate Abilities, Weirdness & Mutations

You cannot wear armour.
You are incapable of wielding weapons or throwing items.
Your paws allow you to move quietly. (Stealth)
You have sharp claws.
You have razor-sharp teeth.
You have supernaturally acute eyesight. (SInv)
You are carnivorous and can eat meat at any time.
You cover ground quickly.
You are covered in fur. (AC +1)
You have a slow metabolism.
Your sharp claws are effective at attacking unaware monsters.


Message History

The bat barely misses you.
There is an open door here.
The bat closely misses you.
You close the door.
The bat misses you.
You open the door. The bat hits you but does no damage. x2
The bat closely misses you.
There is an open door here.
The bat closely misses you. The bat hits you.
* * * LOW HITPOINT WARNING * * *
There is an open door here.
You take 1 damage, and have 2/11 hp.
The bat barely misses you.
You scratch the bat but do no damage. The bat misses you. The bat misses you.
The bat hits you.
* * * LOW HITPOINT WARNING * * *
There is an open door here.
You take 1 damage, and have 1/11 hp.
You barely miss the bat. The bat hits you.
You die...

#..............###....#
.....##........#####.## ##
#####.............# #.#
.........#...........# #.##
#... #..............# ##.>.
..... ##..)..........# #....
#.....##...#################
#....$†.%#.#b≈≈≈≈≈≈≈≈.<..♣♣♣
...........@..≈≈≈≈PP≈≈.....P
..#........#....≈≈PPP≈≈≈.>..
#........#♣....≈≈≈PPP≈≈...
#........#♣♣.....≈≈≈≈≈≈≈..
#........# ♣♣♣.....<..≈≈≈≈
#........# #############
.......... #.........
........#


You could see a bat.

Vanquished Creatures
  A leopard gecko (D:1)
  2 giant cockroaches (D:1)
  A goblin (D:1)
  A hobgoblin (D:1)
  2 jackals (D:1)
  A frilled lizard (D:1)
  2 kobolds (D:1)
  A rat (D:1)
11 creatures vanquished.

Notes
Turn   | Place    | Note
-------+----------+-------------------------------------------
     0 | D:1      | Banto the Felid Enchanter began the quest for the Orb.
     0 | D:1      | Reached XP level 1. HP: 7/7 MP: 4/4
   527 | D:1      | Reached XP level 2. HP: 4/11 MP: 4/6
   732 | D:1      | Learned a level 2 spell: Ensorcelled Hibernation
   854 | D:1      | Slain by a bat

Skill      XL: |  1 |
---------------+----+-----
Dodging        | 3 |  3.1
Stealth        | |  4.2
Unarmed Combat | |  1.3
Spellcasting   | |  2.0
Hexes          | |  4.7

Action                   || total
-------------------------++-------
Melee: Unarmed           ||    49
       Bite              ||     5
       Punch             ||     1
 Cast: Corona            ||     6
       Ensorcelled Hiber ||     5
 Stab: Sleeping          ||     2
Armor: Skin              ||     9
Dodge: Dodged            ||    51

Table legend:
 A = Turns spent in this place as a percentage of turns spent in the entire game.
 B = Non-inter-level travel turns spent in this place as a percentage of non-inter-level travel turns spent in the entire game.
 C = Inter-level travel turns spent in this place as a percentage of turns spent in this place.
 D = Turns resting spent in this place as a percentage of non-inter-level travel turns spent in this place.
 E = Turns spent auto-exploring this place as a percentage of non-inter-level travel turns spent in this place.
 F = Non-inter-level travel turns spent in this place divided by the number of levels of this place that you've seen.
                   A       B       C       D       E      F
               +-------+-------+-------+-------+-------+----------------------
         Total | 100.0 | 100.0 |   0.0 |   8.6 |   5.1 | 175.0
       Dungeon | 100.0 | 100.0 |   0.0 |   8.6 |   5.1 | 175.0
               +-------+-------+-------+-------+-------+----------------------

Table legend:
 A = Kills in this place as a percentage of kills in entire the game.
 B = Kills by you in this place as a percentage of kills by you in the entire game.
 C = Kills by friends in this place as a percentage of kills by friends in the entire game.
 D = Other kills in this place as a percentage of other kills in the entire game.
 E = Experience gained in this place as a percentage of experience gained in the entire game.
 F = Experience gained in this place divided by the number of levels of this place that you have seen.
                   A       B       C       D       E      F
               +-------+-------+-------+-------+-------+----------------------
         Total | 100.0 | 100.0 |  -nan |  -nan | 100.0 |  20.0
       Dungeon | 100.0 | 100.0 |  -nan |  -nan | 100.0 |  20.0
               +-------+-------+-------+-------+-------+----------------------
